 Dungeon Crawl Stone Soup version 0.31.0-11-ge490571c62 (webtiles) character file.

Game seed: 1061777557740506509

48 Arctor the Firebug (level 3, -1/19 HPs)
             Began as a Deep Elf Fire Elementalist on Feb 5, 2024.
             Slain by a kobold
             ... wielding the +8 whip of Abomination {venom, rF- Int+5}
              (7 damage)
             ... on level 3 of the Dungeon.
             The game lasted 00:03:58 (3042 turns).

Arctor the Firebug (Deep Elf Fire Elementalist)     Turns: 3042, Time: 00:03:58

Health: -1/19      AC:  3    Str:  5    XL:     3   Next: 50%
Magic:  1/10       EV: 13    Int: 21    God:
Gold:   98         SH:  0    Dex: 15    Spells: 6/9 levels left

rFire   . . .        (no weapon)
rCold   . . .        (no shield)
rNeg    . . .        a - +0 robe
rPois   .            (no helmet)
rElec   .            n - +0 cloak
rCorr   .            (no gloves)
SInv    .            (no boots)
Will    .....        (no amulet)
Stlth   ++           (no ring)
HPRegen 0.00/turn    (no ring)
MPRegen 0.12/turn

%: no passive effects
@: inhibited regen
A: sense surroundings 1, inhibited regeneration, subdued magic 1
a: no special abilities


You were on level 3 of the Dungeon.
You visited 1 branch of the dungeon, and saw 3 of its levels.

You collected 98 gold pieces.

Inventory:

Armour
 a - a +0 robe (worn)
 n - a +0 cloak (worn)
Magical Staves
 f - a staff of cold
Jewellery
 g - a ring of ice
Scrolls
 c - 3 scrolls of revelation
 d - a scroll of enchant armour {unknown}
 e - a scroll of identify {unknown}
 i - a scroll of noise {unknown}
 l - a scroll of fog {unknown}
Potions
 b - a potion of magic
 o - a potion of invisibility {unknown}


   Skills:
 + Level 3.0 Dodging
 + Level 3.1 Stealth
 + Level 3.5 Spellcasting
 + Level 2.0 Conjurations
 + Level 3.6 Fire Magic


You had 6 spell levels left.
You knew the following spells:

 Your Spells              Type           Power      Damage    Failure   Level
a - Foxfire               Conj/Fire      48%        2x1d6     2%          1
b - Scorch                Fire           28%        2d6       3%          2

Your spell library contained the following spells:

 Spells                   Type           Power      Damage    Failure   Level
 Inner Flame              Hex/Fire       8%         N/A       16%         3
 Volatile Blastmotes      Fire/Tloc      16%        2d11      16%         3
 Flame Wave               Conj/Fire      12%        2d6       32%         4


Dungeon Overview and Level Annotations

Branches:
Dungeon (3/15)

Altars:

Shops:
D:1 ?

Annotations:
D:3 Terence


Innate Abilities, Weirdness & Mutations

You passively map a small area around you.
You do not regenerate when monsters are visible.
Your spells are a little easier to cast, but a little less powerful.


Message History

Terence is nearby!
Terence is nearby!
You conjure some foxfire!
Terence hits you with a +0 short sword.
Casting: Foxfire (safe; 2% risk of failure)
Confirm with . or Enter, or press ? or * to list all spells.
Flames lash Terence but do no damage.
The foxfire hits Terence but does no damage.
The foxfire hits Terence.
Terence is lightly wounded.
Terence hits you but does no damage.
Casting: Scorch (safe; 3% risk of failure)
Confirm with . or Enter, or press ? or * to list all spells.
Flames lash Terence but do no damage.
Terence hits you with a +0 short sword.
Casting: Scorch (safe; 3% risk of failure)
Confirm with . or Enter, or press ? or * to list all spells.
Flames lash Terence.
Terence is moderately wounded.
Terence's fire resistance burns away.
Terence hits you with a +0 short sword.
Casting: Scorch (safe; 3% risk of failure)
Confirm with . or Enter, or press ? or * to list all spells.
Flames lash Terence but do no damage.
Terence misses you.
Casting: Scorch (safe; 3% risk of failure)
Confirm with . or Enter, or press ? or * to list all spells.
You don't have enough magic to cast this spell.
Casting: Scorch (safe; 3% risk of failure)
Confirm with . or Enter, or press ? or * to list all spells.
You conjure some foxfire!
Terence asks, "Do you want it fast or slow?"
Terence completely misses you.
Unknown command.
The foxfire hits Terence but does no damage.
Terence is moderately wounded.
Terence is no longer more vulnerable to fire.
A kobold comes into view.
It is wielding the +8 whip of Abomination {venom, rF- Int+5}.
Found a stone staircase leading down.
Found 14 gold pieces.
Terence bares his teeth.
Terence attacks as he pursues you! Terence hits you with a +0 short sword.
The kobold hits you with the +8 whip of Abomination {venom, rF- Int+5}!
You die...

, , ,
##............#
#............$.
#.>............
#..............,
#..............
#..............
#......K.....# *
#....@....... *
*
####.###@####.##
.......#.# *
.......#.#
#..........#.# *
#.........v#.#
#..........<.#
#..........†##
#...........# *
*


You could see Terence and a kobold.

Vanquished Creatures
  An adder (D:3)
  A ribbon worm (D:2)
  3 bats
  3 endoplasms (D:1)
  2 giant cockroaches (D:1)
  3 hobgoblins
  4 kobolds
  2 quokkas (D:1)
  5 ball pythons
  3 frilled lizards (D:1)
  4 goblins
  3 rats
34 creatures vanquished.

Vanquished Creatures (others)
  221 foxfires
221 creatures vanquished.

Grand Total: 255 creatures vanquished

Notes
Turn   | Place    | Note
-------+----------+-------------------------------------------
     0 | D:1      | Arctor the Deep Elf Fire Elementalist began the quest for
                  | the Orb.
     0 | D:1      | Reached XP level 1. HP: 10/10 MP: 6/6
   196 | D:1      | Found Fataasog's Magic Scroll Shoppe.
   505 | D:1      | Reached XP level 2. HP: 15/15 MP: 0/8
  1089 | D:1      | Learned a level 2 spell: Scorch
  2015 | D:2      | Reached XP level 3. HP: 19/19 MP: 5/9
  2887 | D:3      | Noticed Terence
  2944 | D:2      | Gained mutation: Your spells are a little easier to cast,
                  | but a little less powerful. [potion of mutation]
  2944 | D:2      | Gained mutation: You do not regenerate when monsters are
                  | visible. [potion of mutation]
  2944 | D:2      | Gained mutation: You passively map a small area around you.
                  | [potion of mutation]
  3040 | D:3      | Identified the +8 whip of Abomination {venom, rF- Int+5}
  3042 | D:3      | Slain by a kobold

Illustrated notes

Levels and vault maps discovered:
D:1:      lemuel_arrival_funnel, layout_basic, serial_shops,
          nicolae_shop_advertising_works [nicolae_subvault_shop_adworks],
          minmay_stone_trees_small
D:2:      layout_basic, solitary_fountain
D:3:      layout_rooms, bloody_trog, ebering_ecumenical_altar_box,
          minmay_misc_feat_tiny, uniq_crazy_yiuf_cottage, uniq_terence

Skill      XL: |  1  2  3 |
---------------+----------+-----
Stealth        | 3 |  3.1
Dodging        | 3 |  3.0
Conjurations   | 2 |  2.0
Spellcasting   | |  3.5
Fire Magic     | |  3.6

Action                     || total
---------------------------++-------
  Melee: Unarmed           ||     6
   Cast: Foxfire           ||   149
         Scorch            ||     8
    Use: Potion            ||     4
         Scroll            ||     2
 Armour: Robe              ||    13
         Skin              ||     5
  Dodge: Dodged            ||    20
